AoeStats
← [spank] Lord of the Spank

Arabia

508243462Analyzed
1v1 RM · 9d ago on Sep 21, 2026· 56m 35s· 2 players
Game mode
Random Map
Map size
Tiny (2 player)
Population
200
Speed
Normal
Resources
Standard
Victory
Conquest
Starting age
Dark Age
Ending age
Imperial Age
RankedLock teamsTeams togetherTeam positionsShared explorationLock speedFull tech treeHidden civsTurbo modeCheats
Victory
Defeat
🇺🇸 Khmer · United States
1018
+16
🇬🇷 Italians · Greece
1026
-16
[spank] Lord of the Spank
7:15 Loom
9:25 Feudal Age
10:35 Double-Bit Axe
17:47 Wheelbarrow
18:17 Gold Mining
18:43 Scale Barding Armor
21:06 Castle Age
19:28 Forging
20:11 Bloodlines
20:06 Town Watch
20:05 Horse Collar
22:17 Bow Saw
22:33 Chain Barding Armor
30:28 Fletching
32:00 Iron Casting
32:48 Husbandry
40:56 Bodkin Arrow
42:00 Stone Mining
42:14 Heavy Plow
46:09 Hand Cart
49:35 Imperial Age
48:57 Gold Shaft Mining
49:19 Light Cavalry
51:18 Blast Furnace
50:55 Plate Barding Armor
50:34 Bracer
50:57 Conscription
50:41 Tusk Swords
51:18 Hoardings
50:05 Elite Ballista Elephant
51:23 Hussar
52:49 Town Patrol
53:20 Padded Archer Armor
53:43 Ballistics
54:27 Chemistry
53:39 Masonry
53:37 Siege Engineers
54:37 Crop Rotation
54:27 Leather Archer Armor
55:22 Double Crossbow
Dr. Hawamagun Amis-Yu
5:54 Loom
8:37 Feudal Age
9:34 Double-Bit Axe
12:43 Horse Collar
21:13 Castle Age
20:43 Wheelbarrow
21:41 Town Watch
23:02 Bloodlines
22:55 Husbandry
37:26 Fletching
41:18 Bodkin Arrow
41:24 Padded Archer Armor
41:38 Gold Mining
45:43 Ballistics
48:13 Light Cavalry
52:37 Imperial Age
51:33 Leather Archer Armor
51:56 Scale Barding Armor
52:37 Masonry
52:24 Murder Holes
Connection lost

Rejoining the realm…

Still unreachable

The connection could not be restored.

Session expired

The server has moved on; the page needs a fresh start.